 Dungeon Crawl Stone Soup version 0.21-a0-584-g185da8e (webtiles) character file.

183 Moebius the Digger (level 5, -2/30 HPs)
             Began as a Gargoyle Earth Elementalist on Dec 21, 2017.
             Killed by divine providence
             ... invoked by an orc priest
              (12 damage)
             ... on level 4 of the Dungeon.
             The game lasted 00:10:26 (2749 turns).

Moebius the Digger (Gargoyle Earth Elementalist)    Turns: 2749, Time: 00:10:28

Health: -2/30      AC:  7    Str: 11    XL:     5   Next: 62%
Magic:  2/10       EV: 12    Int: 17    God:
Gold:   121        SH:  0    Dex: 15    Spells: 7/11 levels left

rFire    . . .     SeeInvis .   g - +0 mace
rCold    . . .     Gourm    .   (no shield)
rNeg     + . .     Faith    .   c - +1 robe
rPois    ∞         Spirit   .   (no helmet)
rElec    +         Reflect  .   (no cloak)
rCorr    .         Harm     .   (no gloves)
MR       .....                  (no boots)
Stlth    +.........             (no amulet)
HPRegen  0.10/turn              k - +5 ring of dexterity
MPRegen  0.12/turn              l - ring of loudness (curse)

@: no status effects
A: negative energy resistance 1, electricity resistance, unbreathing,
petrification resistance, rot immunity, AC +4
a: no special abilities


You were on level 4 of the Dungeon.
You were not hungry.

You visited 1 branch of the dungeon, and saw 4 of its levels.

You collected 121 gold pieces.

Inventory:

Hand Weapons
 g - a +0 mace (weapon)
 q - a +2 spear of flaming
Missiles
 b - 30 stones (quivered)
 m - 34 bolts
 p - 25 arrows
 s - 20 poisoned needles
Armour
 c - a +1 robe (worn)
 j - a +0 buckler
Jewellery
 a - an uncursed ring of positive energy
 k - a +5 ring of dexterity (left hand)
 l - a cursed ring of loudness (right hand)
 w - an uncursed ring of fire
Scrolls
 f - a scroll of teleportation
 i - 4 scrolls of identify
Books
 e - a book of Geomancy

   Spells                             Type                      Level
   a - Sandblast                      Earth                        1
   b - Passwall                       Transmutation/Earth          2
   c - Stone Arrow                    Conjuration/Earth            3
   d - Petrify                        Transmutation/Earth          4
   e - Lee's Rapid Deconstruction     Earth                        5
 r - a book of Changes

   Spells                             Type                      Level
   a - Beastly Appendage              Transmutation                1
   b - Sticks to Snakes               Transmutation                2
   c - Spider Form                    Transmutation/Poison         3
   d - Ice Form                       Ice/Transmutation            4
   e - Blade Hands                    Transmutation                5
Comestibles
 d - 6 rations
 h - a chunk of flesh


   Skills:
 + Level 1.9 Fighting
 + Level 1.6 Maces & Flails
 - Level 1.5 Dodging
 - Level 2.1 Stealth
 + Level 3.7 Spellcasting
   Level 0.7 Transmutations
 + Level 4.9 Earth Magic


You had 7 spell levels left.
You knew the following spells:

 Your Spells              Type           Power        Failure   Level  Hunger
a - Sandblast             Erth           ###...       1%          1    None
b - Stone Arrow           Conj/Erth      ##....       17%         3    ###....


Dungeon Overview and Level Annotations

Branches:
Dungeon (4/15)
 Temple: D:4-7

Altars:


Innate Abilities, Weirdness & Mutations

You are resistant to torment.
Your stone body is resilient. (AC +4)
You are immune to poison.
You resist negative energy. (rN+)
You are resistant to electric shocks. (rElec)
You can survive without breathing.
You are immune to petrification.
You are immune to rotting.


Message History

The orc priest is severely wounded.
The orc priest hits you with a club. The orc priest barely misses you.
An orc comes into view.
You hit the orc priest but do no damage.
The orc priest is severely wounded.
The orc priest hits you but does no damage.
You hit the orc priest.
The orc priest is almost dead.
The orc priest casts a cantrip, but nothing happens.
Your magical contamination has completely faded away.
You hit the orc priest but do no damage.
The orc priest is almost dead.
The orc priest barely misses you.
You closely miss the orc priest.
The orc priest is almost dead.
The orc priest mumbles some strange prayers to Beogh against you.
Pain shoots through your body!
The orc priest mumbles some strange prayers to Beogh against you.
Beogh smites you!
You die...

.? .. .# #.#.# ..#.
#.#.# o#. #.#.# ##..
#.#.# #.. #.#.# #o#
#######.#.####.#
..............o#####.###
###.#..#.....oo@.......
#.###.######.#########
#.#.## #.# #.## #.# #.#
#.# #<# #.# #.# #.# #.#
#.# ..#


You could see an orc priest and 2 orcs.

Vanquished Creatures
  An orc wizard (D:3)
  6 gnolls
  2 adders
  An ooze (D:2)
  3 worms
  2 dart slugs (D:2)
  A leopard gecko (D:1)
  7 orcs
  5 bats
  2 giant cockroaches
  4 goblins
  10 hobgoblins
  3 quokkas (D:2)
  2 frilled lizards (D:2)
  3 kobolds
  8 rats
60 creatures vanquished.

Notes
Turn   | Place    | Note
-------+----------+-------------------------------------------
     0 | D:1      | Moebius the Gargoyle Earth Elementalist began the quest for the Orb.
     0 | D:1      | Reached XP level 1. HP: 10/10 MP: 3/3
   238 | D:1      | Reached skill level 1 in Fighting
   302 | D:1      | Reached XP level 2. HP: 16/16 MP: 1/5
   901 | D:1      | Reached XP level 3. HP: 7/21 MP: 4/6
   907 | D:1      | Learned a level 3 spell: Stone Arrow
  1543 | D:2      | Reached skill level 1 in Maces & Flails
  1543 | D:2      | Reached skill level 4 in Earth Magic
  1543 | D:2      | Reached XP level 4. HP: 26/26 MP: 3/8
  2039 | D:3      | Reached XP level 5. HP: 16/30 MP: 3/10
  2749 | D:4      | Killed from afar by an orc priest

Vault maps used:
D:1:      mrwooster_arrival_arrow, kennysheep_another_room, minivault_23,
          patterned_corridor
D:2:      first_ration
D:4:      lightli_temple_of_fire, hangedman_decor_riveting,
          nicolae_tso_swordbearing_angel

Skill      XL: |  1  2  3  4 |
---------------+-------------+-----
Fighting       | 1 |  1.9
Maces & Flails | 1 |  1.6
Earth Magic    | 4 |  4.9
Spellcasting   | 3 |  3.7
Dodging        | |  1.5
Stealth        | |  2.1
Transmutations | |  0.7

Action                   |  1- 3 |  4- 6 || total
-------------------------+-------+-------++-------
Melee: Mace              |    29 |    50 ||    79
       Unarmed           |     1 |       ||     1
 Cast: Sandblast         |    31 |    42 ||    73
       Stone Arrow       |       |     3 ||     3
  Use: Scroll            |       |     8 ||     8
       Potion            |       |     5 ||     5
 Stab: Sleeping          |     1 |       ||     1
  Eat: Chunk             |     2 |     4 ||     6
Armor: Robe              |     6 |    22 ||    28
Dodge: Dodged            |    21 |    28 ||    49

Table legend:
 A = Spawn XP
 B = Non-spawn XP
 C = Spawn XP percentage of total XP
 D = Spawn monster count
 E = Non-spawn monster count
 F = Spawn count percentage of total count
 G = Total turns spent on level
                    A         B        C        D         E        F      G
               +---------+---------+-------+---------+---------+-------+---------
         Total |       0 |     262 |   0.0 |       0 |      60 |   0.0 |  2749
               +---------+---------+-------+---------+---------+-------+---------
           D:1 |       0 |      30 |   0.0 |       0 |      17 |   0.0 |  1355
           D:2 |       0 |     111 |   0.0 |       0 |      27 |   0.0 |   699
           D:3 |       0 |     109 |   0.0 |       0 |      12 |   0.0 |   656
           D:4 |       0 |      12 |   0.0 |       0 |       4 |   0.0 |    39
               +---------+---------+-------+---------+---------+-------+---------
